 Dungeon Crawl Stone Soup version 0.20-a0-739-g6bb112f (webtiles) character file.

105 polly the Shield-Bearer (level 4, 0/28 HPs)
             Began as a Gargoyle Fighter on Feb 25, 2017.
             Slain by an ogre
             ... wielding a +0 giant club
              (12 damage)
             ... on level 3 of the Dungeon.
             The game lasted 00:01:33 (1715 turns).

polly the Shield-Bearer (Gargoyle Fighter)          Turns: 1715, Time: 00:01:34

Health: 0/28       AC: 16    Str: 19    XL:     4   Next: 81%
Magic:  4/4        EV:  5    Int:  9    God:
Gold:   127        SH:  9    Dex: 10    Spells: 3/3 levels left

rFire    . . .     SeeInvis .   a - +0 flail
rCold    . . .     Gourm    .   g - +0 chain mail
rNeg     + . .     Faith    .   c - +0 shield
rPois    ∞         Spirit   .   (no helmet)
rElec    +         Reflect  .   l - +2 cloak
rCorr    .         Harm     .   (no gloves)
MR       .....                  (no boots)
Stlth    ..........             (no amulet)
Regen    0.1/turn               (no ring)
MPRegen  0.1/turn               (no ring)

@: no status effects
A: negative energy resistance 1, electricity resistance, unbreathing,
petrification resistance, rot immunity, AC +3
a: no special abilities


You were on level 3 of the Dungeon.
You were not hungry.

You visited 1 branch of the dungeon, and saw 3 of its levels.

You collected 127 gold pieces.

Inventory:

Hand Weapons
 a - a +0 flail (weapon)
Armour
 c - a +0 shield (worn)
 g - a +0 chain mail (worn)
 l - a +2 cloak (worn)
Jewellery
 r - an uncursed amulet of rage {unknown}
Wands
 q - a wand of digging (4/24)
Scrolls
 e - 2 scrolls of identify {unknown}
 k - a scroll of enchant armour {unknown}
 m - a scroll of fog {unknown}
 n - a scroll of amnesia {unknown}
 o - a scroll of fear {unknown}
 p - 4 scrolls of teleportation {unknown}
 t - a scroll of noise {unknown}
 v - a scroll of recharging {unknown}
Potions
 b - a potion of invisibility {unknown}
 d - a potion of might
 h - a potion of lignification {unknown}
 s - a potion of flight {unknown}
Comestibles
 f - 2 bread rations
 i - a meat ration
 j - a royal jelly


   Skills:
 + Level 3.6 Fighting
 + Level 3.3 Maces & Flails
 + Level 3.8 Armour
 + Level 0.4 Dodging
 + Level 4.2 Shields


You had 3 spell levels left.
You didn't know any spells.

Dungeon Overview and Level Annotations

Branches:
Dungeon (3/15)

Altars:
Xom
Zin
The Shining One


Innate Abilities, Weirdness & Mutations

You are resistant to torment.
Your stone body is resilient. (AC +3)
You are immune to poison.
You resist negative energy. (rN+)
You are resistant to electric shocks. (rElec)
You can survive without breathing.
You are immune to petrification.
You are immune to rotting.


Message History

You are too injured to fight recklessly!
You are too injured to fight recklessly!
You are too injured to fight recklessly!
You are too injured to fight recklessly!
You are too injured to fight recklessly!
You are too injured to fight recklessly!
You are too injured to fight recklessly!
You are too injured to fight recklessly!
You are too injured to fight recklessly!
You are too injured to fight recklessly!
You are too injured to fight recklessly!
You are too injured to fight recklessly!
You are too injured to fight recklessly!
You are too injured to fight recklessly!
You are too injured to fight recklessly!
You are too injured to fight recklessly!
Your shield and chain mail prevent you from hitting the ogre.
The ogre is heavily wounded.
The ogre hits you with a giant club!
You die...

#..# #.># ###
######### ##.# #.#
#.......####.# ...
#............# #
#.# #.......######
#. #.# #.......#
##.#..#.###.).....#
......O@...#####+##
##.#.#####.......#
#........######
#........#
#.###..... #......
#..#.... ... ....#
.### #####


You could see an ogre.

Vanquished Creatures
  An orc wizard (D:3)
  2 adders
  A worm (D:2)
  A dart slug (D:1)
  A leopard gecko (D:3)
  2 orcs (D:3)
  A giant cockroach (D:2)
  9 goblins
  6 hobgoblins
  8 kobolds
  A quokka (D:2)
  A ball python (D:1)
  3 bats
  5 frilled lizards
  10 rats
52 creatures vanquished.

Notes
Turn   | Place    | Note
-------+----------+-------------------------------------------
     0 | D:1      | polly the Gargoyle Fighter began the quest for the Orb.
     0 | D:1      | Reached XP level 1. HP: 14/14 MP: 1/1
   211 | D:1      | Reached XP level 2. HP: 5/19 MP: 2/2
   873 | D:2      | Found a shimmering altar of Xom.
   917 | D:2      | Found a glowing golden altar of the Shining One.
   965 | D:2      | Found a shimmering altar of Xom.
   965 | D:2      | Found a shimmering altar of Xom.
   966 | D:2      | Found a shimmering altar of Xom.
   966 | D:2      | Found a shimmering altar of Xom.
   969 | D:2      | Found a shimmering altar of Xom.
   969 | D:2      | Found a shimmering altar of Xom.
  1001 | D:2      | Reached XP level 3. HP: 23/23 MP: 3/3
  1267 | D:2      | Found a glowing silver altar of Zin.
  1419 | D:3      | Reached XP level 4. HP: 23/28 MP: 4/4
  1696 | D:3      | Noticed an ogre
  1708 | D:3      | Reached skill level 4 in Shields
  1715 | D:3      | Slain by an ogre

Vault maps used:
D:1:      saegor_arrival_simple_c, st_stairs_7
D:2:      xom_redecorated, zin_academy, tso_metal_star
D:3:      kennysheep_the_goblin_king

Skill      XL: |  1  2  3  4 |
---------------+-------------+-----
Maces & Flails | 3 |  3.3
Shields        | 4 |  4.2
Fighting       | |  3.6
Armour         | |  3.8
Dodging        | |  0.4

Action                   |  1- 3 |  4- 6 || total
-------------------------+-------+-------++-------
Melee: Flail             |   146 |    54 ||   200
  Eat: Chunk             |     1 |     2 ||     3
Armor: Scale mail        |    31 |       ||    31
       Chain mail        |   112 |    28 ||   140
Dodge: Dodged            |    41 |     8 ||    49
Block: Shield            |   118 |    23 ||   141
